 Dungeon Crawl Stone Soup version 0.31-a0-799-g6bc09d010c (webtiles) character file.

Game seed: 6615565824008678819

22668 arthad the Thaumaturge (level 12, -4/68 HPs)
             Began as a Deep Elf Fire Elementalist on Sept 19, 2023.
             Was an Elder of Vehumet.
             Killed from afar by Frances (42 damage)
             ... with a shard of ice
             ... on level 13 of the Dungeon.
             The game lasted 00:54:37 (14803 turns).

arthad the Thaumaturge (DEFE)                      Turns: 14803, Time: 00:54:37

Health: -4/68      AC: 12    Str:  5    XL:     12   Next: 65%
Magic:  10/40      EV: 13    Int: 30    God:    Vehumet [****..]
Gold:   1210       SH:  5    Dex: 15    Spells: 6/37 levels left

rFire   + . .        e - +9 mace of Wyrd {heavy, rF+ Int+4}
rCold   . . .        T - +0 buckler
rNeg    . . .        a - +0 acid dragon scales
rPois   .            R - +1 helmet
rElec   .            x - +0 cloak
rCorr   +            Q - +0 pair of gloves
SInv    .            n - +0 pair of boots
Will    +....        W - amulet of magic regeneration
Stlth   +++          c - ring of wizardry
HPRegen 0.31/turn    h - ring of magical power
MPRegen 0.67/turn

%: wizardry (x1)
@: studying Spellcasting
A: no striking features
a: Renounce Religion


You were on level 13 of the Dungeon.
You worshipped Vehumet.
Vehumet was greatly pleased with you.
You visited 2 branches of the dungeon, and saw 14 of its levels.
You also visited: Sewer and Ossuary.

You collected 1255 gold pieces.
You spent 45 gold pieces at shops.

Inventory:

Hand Weapons
 e - the +9 mace of Wyrd (weapon) {heavy, rF+ Int+4}
   (You took it off a kobold demonologist on level 11 of the Dungeon)

   Int+4:     It affects your intelligence (+4).
   rF+:       It protects you from fire.
 v - the +0 rapier of Chagrin {freeze, Will+ Int+3 Dex-4}
   (You took it off an orc on level 4 of the Dungeon)

   Int+3:     It affects your intelligence (+3).
   Dex-4:     It affects your dexterity (-4).
   Will+:     It increases your willpower.
 C - a +3 morningstar
 Z - the +7 sling of Beloved Reinforcement {freeze, rElec}
   (You found it on level 11 of the Dungeon)

   rElec:     It insulates you from electricity.
Missiles
 i - 4 throwing nets
 G - 19 poisoned darts
 S - 8 boomerangs
 U - a curare-tipped dart
 X - 3 darts of dispersal
Armour
 a - +0 acid dragon scales (worn)
 n - a +0 pair of boots (worn)
 t - a +2 robe of positive energy
 x - a +0 cloak (worn)
 Q - a +0 pair of gloves (worn)
 R - a +1 helmet (worn)
 T - a +0 buckler (worn)
 V - a +1 robe of cold resistance
Magical Staves
 y - a staff of poison
Jewellery
 c - a ring of wizardry (left hand)
 g - a ring of flight
 h - a ring of magical power (right hand)
 j - an amulet of guardian spirit
 I - a +6 ring of dexterity
 W - an amulet of magic regeneration (around neck)
Wands
 q - a wand of flame (37)
 K - a wand of light (17)
 L - a wand of roots (15)
 N - a wand of paralysis (19)
Scrolls
 f - 2 scrolls of fear
 l - 4 scrolls of enchant armour
 u - a scroll of enchant weapon
 w - 2 scrolls of brand weapon
 A - 4 scrolls of teleportation
 B - a scroll of blinking
 D - 3 scrolls of immolation
 E - 5 scrolls of amnesia
 F - a scroll of silence
 M - 2 scrolls of noise
 O - a scroll of summoning
 Y - a scroll of fog
Potions
 b - 6 potions of magic
 d - a potion of invisibility
 k - 2 potions of heal wounds
 m - a potion of cancellation
 o - 4 potions of curing
 p - 3 potions of enlightenment
 r - 2 potions of haste
 s - 3 potions of lignification
 z - 4 potions of might
 H - 3 potions of mutation {unknown}
 J - a potion of ambrosia {unknown}
 P - a potion of brilliance {unknown}


   Skills:
 + Level 5.5 Fighting
 + Level 3.2 Armour
 + Level 8.1 Dodging
 - Level 8.0 Stealth
 * Level 3.8 Shields
 * Level 13.1 Spellcasting
 * Level 10.1 Conjurations
 + Level 5.4 Translocations
 * Level 10.7 Fire Magic
 + Level 5.3 Earth Magic


You had 6 spell levels left.
You knew the following spells:

 Your Spells              Type           Power      Damage    Failure   Level
a - Foxfire               Conj/Fire      100%       2x1d9     1%          1
b - Scorch                Fire           100%       2d9       1%          2
c - Flame Wave            Conj/Fire      70%        2d16      1%          4
d - Volatile Blastmotes   Fire/Tloc      100%       2d18      1%          3
e - Mephitic Cloud        Conj/Pois/Air  40%        N/A       1%          3
f - Stone Arrow           Conj/Erth      100%       3d13      1%          3
g - Lee's Rapid Deconstr  Erth           25%        3d14*     3%          5
h - Leda's Unmaking       Conj/Erth      30%        9d5       7%          6
i - Brom's Barrelling Bo  Conj/Erth      60%        2d8       1%          4

Your spell library contained the following spells:

 Spells                   Type           Power      Damage    Failure   Level
 Kiss of Death            Conj/Necr      100%       2d13      1%          1
 Shock                    Conj/Air       100%       1d9       1%          1
 Poisonous Vapours        Pois/Air       38%        N/A       1%          2
 Inner Flame              Hex/Fire       51%        N/A       1%          3
 Cigotuvi's Dreadful Rot  Necr/Pois/Air  38%        N/A       6%          2
 Ensorcelled Hibernation  Hex/Ice        38%        N/A       6%          2
 Jinxbite                 Hex            38%        N/A       6%          2
 Freezing Cloud           Conj/Ice/Air   20%        6-21      8%          5
 Airstrike                Air            9%         2d(2-18)  11%         4
 Confusing Touch          Hex            19%        N/A       12%         3
 Swiftness                Air            19%        N/A       12%         3
 Leda's Liquefaction      Hex/Erth       17%        N/A       12%         4
 Anguish                  Hex/Necr       9%         N/A       34%         4
 Dispel Undead            Necr           19%        3d11      34%         4
 Death Channel            Necr           9%         N/A       99%         6


Dungeon Overview and Level Annotations

Branches:
Dungeon (13/15)            Temple (1/1) D:7            Lair (0/5) D:8
    Orc (0/2) D:10          Sewer (visited)         Ossuary (visited)
 Vaults: D:13-14

Altars:
Ashenzari
Cheibriados
Dithmenos
Elyvilon
Fedhas
Gozag
Hepliaklqana
Kikubaaqudgha
Makhleb
Nemelex Xobeh
Okawaru
Qazlal
Ru
Sif Muna
Trog
Uskayaw
Vehumet
Wu Jian
Xom
Yredelemnul
Zin
The Shining One

Shops:
D:5 **   D:12 (

Annotations:
D:4 2 transporters, ytrimaz's ghost, amateur DrSh
D:12 2 transporters, awesomeguy42's ghost, journeyman HuNe
D:13 Frances


Message History

Space warps horribly around you! The sun demon completely misses you.
A two-headed ogre comes into view.
It is wielding two +0 giant spiked clubs.
Blink to where?
Press: ? - help, Dir - move target, p - Frances
As you read the scroll of blinking, it crumbles to dust.
Frances screams a word of power!
The two-headed ogre moves out of view.
Casting: Leda's Unmaking (quite dangerous; 7% risk of failure)
Confirm with . or Enter, or press ? or * to list all spells.
Aiming: Brom's Barrelling Boulder (dangerous; 1% risk of failure)
Press: ? - help, Dir - move target, f - sun demon
Aim: a sun demon (summoned, 100% to hit)
You send a boulder barrelling forward!
Casting: Brom's Barrelling Boulder (dangerous; 1% risk of failure)
Confirm with . or Enter, or press ? or * to list all spells.
A cloud of volatile blastmotes flares up around you!
Casting: Volatile Blastmotes (safe; 1% risk of failure)
Confirm with . or Enter, or press ? or * to list all spells.
Aiming: Leda's Unmaking (quite dangerous; 7% risk of failure)
Press: ? - help, Shift-Dir - straight line, f - Frances, p - sun demon
Aim: Frances, wielding a +4 trident of distortion and wearing a +0 scale mail (moderately wounded, fast, ally target, 77% to hit)
The entropic shot hits Frances!!
Frances is severely wounded.
The sun demon hits your boulder!!
Your boulder is engulfed in flames.
Your boulder resists.
Your boulder is destroyed!
The ogre mage casts a spell.
The ogre mage flickers and vanishes!
Deactivating autopickup; reactivate with Ctrl-A.
Casting: Leda's Unmaking (quite dangerous; 7% risk of failure)
Confirm with . or Enter, or press ? or * to list all spells.
Aiming: Leda's Unmaking (quite dangerous; 7% risk of failure)
Press: ? - help, Shift-Dir - straight line, f/p - Frances
Aim: Frances, wielding a +4 trident of distortion and wearing a +0 scale mail (severely wounded, fast, 77% to hit)
The entropic shot hits Frances!!
Frances is almost dead.
Frances screams a word of power!
The shard of ice hits you!!!
Ouch! That really hurt!
You die...

########### ##########
#..........# #........#
##..........###
#........#
..............#
#....)...#
#..."......#.###.3......#
#..........#..@○.@.4....#
#..........#####..4.{...#
#..........# #.....O4.#
#..........# #######'##
#..........# #O#
#######.#### #.#
#.......# #O# ###.#######
#.# #.........# #4#


You could see Frances (fast), a two-headed ogre, a sun demon (summoned), an
orange demon (summoned) and a rust devil (summoned).

Vanquished Creatures
  Erolcha (D:9)
  Harold (D:9)
  2 two-headed ogres
  3 boulder beetles
  2 tengu warriors (D:12)
  Lodul (D:13)
  2 deep elf pyromancers (D:12)
  A salamander (shapeshifter) (D:13)
  2 ugly things
  4 cyclopes
  A manticore (D:12)
  Joseph (D:9)
  5 kobold demonologists
  An unseen horror (D:11)
  A komodo dragon (D:8)
  An efreet (D:13)
  3 trolls
  A hornet (D:11)
  8 slime creatures
  A shadow (D:11)
  Sigmund (D:3)
  4 wraiths
  A water elemental (D:11)
  9 yaks
  A vampire mosquito (D:6)
  Menkaure (Ossuary)
  An acid dragon (D:12)
  A water moccasin (D:7)
  5 ice beasts
  4 orc warriors
  5 sky beasts
  4 black bears
  7 ogres
  3 centaurs
  4 kobold brigands
  3 phantoms
  5 bullfrogs
  4 wights (D:10)
  9 killer bees
  11 howler monkeys
  2 jellies
  An orc priest (D:9)
  6 hounds
  4 sleepcaps (D:6)
  4 iguanas
  8 orc wizards
  A hell rat (Sewer)
  3 mummies (Ossuary)
  8 adders
  2 river rats (Sewer)
  2 shadow imps
  An ufetubus (D:6)
  3 worms
  2 dart slugs
  34 orcs
  6 endoplasms
  6 giant cockroaches
  A gnoll zombie (Ossuary)
  5 goblins
  6 hobgoblins
  5 quokkas
  3 ball pythons
  4 bats
  A frilled lizard (D:3)
  3 gnoll skeletons (Ossuary)
  6 goblin skeletons (Ossuary)
  2 goblin zombies (Ossuary)
  5 hobgoblin skeletons (Ossuary)
  6 hobgoblin zombies (Ossuary)
  21 kobolds
  3 kobold skeletons (Ossuary)
  6 kobold zombies (Ossuary)
  5 orc skeletons (Ossuary)
  9 orc zombies (Ossuary)
  11 rats
  3 rat skeletons (Ossuary)
  A rat zombie (Ossuary)
324 creatures vanquished.

Vanquished Creatures (collateral kills)
  6 boulders
  2 foxfires (D:8)
8 creatures vanquished.

Vanquished Creatures (others)
  8 boulders
  1053 foxfires
1061 creatures vanquished.

Grand Total: 1393 creatures vanquished

Notes
Turn   | Place    | Note
-------+----------+-------------------------------------------
     0 | D:1      | arthad the Deep Elf Fire Elementalist began the quest for
                  | the Orb.
     0 | D:1      | Reached XP level 1. HP: 10/10 MP: 6/6
   254 | D:1      | Reached XP level 2. HP: 15/15 MP: 5/8
   399 | D:1      | You fall into a shaft and drop 1 floor!
   722 | D:2      | Reached XP level 3. HP: 20/20 MP: 5/9
   843 | D:2      | Found a faded altar of an unknown god.
   843 | D:2      | Noticed a rust devil
  1085 | D:3      | Learned a level 2 spell: Scorch
  1104 | D:3      | Noticed Sigmund
  2419 | D:3      | Killed Sigmund
  2420 | D:3      | Reached skill level 1 in Fighting
  2420 | D:3      | Reached skill level 4 in Spellcasting
  2420 | D:3      | Reached XP level 4. HP: 22/25 MP: 12/12
  2420 | D:3      | Reached XP level 5. HP: 25/29 MP: 12/13
  2701 | D:4      | Noticed a phantom
  2710 | D:4      | Killed a phantom
  2711 | D:4      | Reached XP level 6. HP: 34/34 MP: 13/14
  2933 | D:4      | Noticed ytrimaz's ghost (amateur DrSh)
  2935 | D:4      | Found a transporter.
  2987 | D:4      | Identified the +0 rapier of Chagrin {freeze, Will+ Int+3
                  | Dex-4}
  3056 | D:4      | Found a transporter.
  3065 | D:4      | Reached skill level 5 in Spellcasting
  3065 | D:4      | Reached skill level 5 in Fire Magic
  3377 | D:4      | Found a shimmering altar of Xom.
  3441 | D:5      | Entered Level 5 of the Dungeon
  3471 | D:5      | Reached XP level 7. HP: 40/40 MP: 17/17
  3629 | D:5      | Found Ilesuva's Specific Store.
  3630 | D:5      | Found Cepu's General Store.
  3674 | D:5      | Bought a scroll of teleportation for 45 gold pieces
  3696 | D:5      | Found a white marble altar of Elyvilon.
  3832 | D:5      | Found a sparkling altar of Nemelex Xobeh.
  3984 | D:5      | Reached skill level 6 in Spellcasting
  4166 | D:6      | Found a glowing drain.
  4175 | Sewer    | Entered a sewer
  4543 | D:6      | Reached XP level 8. HP: 45/45 MP: 19/19
  4587 | D:6      | Reached skill level 5 in Conjurations
  4951 | D:6      | Found a sacrificial altar of Ru.
  4973 | D:6      | Reached skill level 5 in Stealth
  4973 | D:6      | Reached skill level 7 in Spellcasting
  5350 | D:6      | Reached skill level 5 in Dodging
  5510 | D:6      | Reached XP level 9. HP: 24/50 MP: 21/22
  5633 | D:6      | Learned a level 4 spell: Flame Wave
  5637 | D:6      | Learned a level 3 spell: Volatile Blastmotes
  5641 | D:6      | Learned a level 3 spell: Mephitic Cloud
  6028 | D:6      | Reached skill level 8 in Spellcasting
  6309 | D:6      | Reached skill level 1 in Translocations
  6437 | D:6      | Reached skill level 1 in Earth Magic
  6891 | D:7      | Noticed a cyclops
  7186 | D:7      | Found a glowing golden altar of the Shining One.
  7243 | D:7      | Found a staircase to the Ecumenical Temple.
  7401 | Temple   | Entered the Ecumenical Temple
  7416 | Temple   | Became a worshipper of Vehumet
  7555 | D:7      | Reached skill level 9 in Spellcasting
  7611 | D:7      | Reached XP level 10. HP: 56/56 MP: 15/25
  8089 | D:7      | Killed a cyclops
  8470 | D:8      | Found a staircase to the Lair.
  8504 | D:8      | Found a sand-covered staircase.
  8514 | Ossuary  | Entered an ossuary
  8573 | Ossuary  | Reached * piety under Vehumet
  8573 | Ossuary  | Offered knowledge of Shock by Vehumet.
  9050 | Ossuary  | Offered knowledge of Searing Ray by Vehumet.
  9053 | Ossuary  | Reached ** piety under Vehumet
  9127 | Ossuary  | Noticed Menkaure
  9145 | Ossuary  | Killed Menkaure
 10631 | D:9      | Reached skill level 10 in Spellcasting
 10680 | D:9      | Found an ancient bone altar of Kikubaaqudgha.
 10683 | D:9      | Noticed a cyclops
 10705 | D:9      | Killed a cyclops
 10706 | D:9      | Reached skill level 1 in Armour
 10750 | D:9      | Noticed Erolcha
 10758 | D:9      | Noticed Joseph
 10763 | D:9      | Killed Erolcha
 10863 | D:9      | Found a snail-covered altar of Cheibriados.
 10890 | D:9      | Noticed Harold
 10897 | D:9      | Killed Harold
 10897 | D:9      | Offered knowledge of Ignite Poison by Vehumet.
 10898 | D:9      | Reached XP level 11. HP: 43/62 MP: 27/27
 10901 | D:9      | Killed Joseph
 11278 | D:10     | Entered Level 10 of the Dungeon
 11392 | D:10     | Reached *** piety under Vehumet
 11395 | D:10     | Found a staircase to the Orcish Mines.
 11619 | D:10     | Offered knowledge of Stone Arrow by Vehumet.
 11627 | D:10     | Learned a level 3 spell: Stone Arrow
 11666 | D:10     | Reached skill level 1 in Shields
 12193 | D:11     | Noticed a purple ugly thing
 12216 | D:11     | Killed a purple ugly thing
 12300 | D:11     | Reached skill level 11 in Spellcasting
 12310 | D:11     | Reached **** piety under Vehumet
 12460 | D:11     | Learned a level 5 spell: Lee's Rapid Deconstruction
 12582 | D:11     | Noticed a boulder beetle
 12593 | D:11     | Killed a boulder beetle
 13078 | D:11     | Identified the +7 sling of Beloved Reinforcement {freeze,
                  | rElec}
 13162 | D:11     | Reached skill level 5 in Fighting
 13169 | D:11     | Identified the +9 mace of Wyrd {heavy, rF+ Int+4}
 13177 | D:11     | Noticed a two-headed ogre
 13180 | D:11     | Noticed a soul eater
 13185 | D:11     | Killed a two-headed ogre
 13604 | D:12     | Learned a level 6 spell: Leda's Unmaking
 13605 | D:12     | Noticed a two-headed ogre
 13613 | D:12     | Killed a two-headed ogre
 13613 | D:12     | Offered knowledge of Brom's Barrelling Boulder by Vehumet.
 13614 | D:12     | Reached skill level 10 in Fire Magic
 13614 | D:12     | Reached XP level 12. HP: 68/68 MP: 29/29
 13619 | D:12     | Learned a level 4 spell: Brom's Barrelling Boulder
 13882 | D:12     | Reached skill level 12 in Spellcasting
 13889 | D:12     | Noticed a boulder beetle
 13890 | D:12     | Noticed an eight-headed hydra
 13890 | D:12     | Noticed a centaur warrior
 13893 | D:12     | Found a transporter.
 13893 | D:12     | Noticed awesomeguy42's ghost (journeyman HuNe)
 13894 | D:12     | Noticed a centaur warrior
 13899 | D:12     | Noticed a tengu warrior
 13903 | D:12     | Noticed a tengu warrior
 13905 | D:12     | Noticed a boulder beetle
 13907 | D:12     | Killed a tengu warrior
 13908 | D:12     | Reached skill level 5 in Translocations
 13914 | D:12     | Killed a boulder beetle
 13923 | D:12     | Killed a tengu warrior
 13924 | D:12     | Reached skill level 5 in Earth Magic
 14069 | D:12     | Found Biapeef's Antique Weapon Boutique.
 14076 | D:12     | Found a transporter.
 14513 | D:13     | Noticed a boulder beetle
 14520 | D:13     | Killed a boulder beetle
 14521 | D:13     | Reached skill level 10 in Conjurations
 14566 | D:13     | Noticed Lodul
 14570 | D:13     | Killed Lodul
 14571 | D:13     | Reached skill level 13 in Spellcasting
 14768 | D:13     | Noticed Frances
 14775 | D:13     | Noticed an ogre mage
 14799 | D:13     | Noticed a two-headed ogre
 14803 | D:13     | Killed from afar by Frances

Illustrated notes

Levels and vault maps discovered:
D:1:      dpeg_arrival_snail, layout_basic
D:2:      layout_rooms, dreamdust_ecumenical_altar_sealed_demon
D:3:      layout_basic, uniq_sigmund
D:4:      layout_rooms, lemuel_coloured_pillars_altar,
          gammafunk_ghost_mausoleum, sigmund_army
D:5:      layout_basic, elyvilon_altar_4, nemelex_spade_bored_becter,
          nicolae_specific_store
D:6:      kennysheep_windowed_halls, layout_loops_corners,
          nicolae_ru_the_path_less_chosen, gup_sewer_entry_bubbles,
          minivault_26, minivault_25
D:7:      layout_basic, tso_oasis_becter, minmay_temple_entry_crystal_x
D:8:      layout_basic, david_lair_shrubbed, chequers_ossuary_entry_cave
D:9:      layout_basic, mainiacjoe_overflow_catch_the_wave, uniq_harold,
          uniq_joseph, uniq_erolcha
D:10:     layout_long_grid, orc_0_dummy, hangedman_decor_opposing,
          nrook_pool_corridor
D:11:     layout_basic, kennysheep_opposing_triangles
D:12:     layout_roguey, nzn_ghost_randoct, serial_shops,
          nicolae_shop_tiny_waterfront
D:13:     layout_roguey, skrybe_vaults_entry_preservation, evilmike_minifort,
          uniq_frances, uniq_sonja, uniq_lodul
Temple:   nicolae_temple_bog_church

Skill      XL: |  1  2  3  4  5  6  7  8  9 10 11 12 |
---------------+-------------------------------------+-----
Fighting       | 1 2 3 4 5 |  5.5
Dodging        | 3 4 5 6 7 8 |  8.1
Stealth        | 3 4 5 6 7 8 |  8.0
Spellcasting   | 4 5 6 7 9 10 11 13 | 13.1
Conjurations   | 2 3 4 6 7 8 9 10 | 10.1
Fire Magic     | 4 5 6 8 9 10 | 10.7
Translocations | 2 3 4 5 |  5.4
Earth Magic    | 2 3 4 5 |  5.3
Armour         | 1 2 3 |  3.2
Shields        | 2 3 |  3.8

Action                     |  1- 3 |  4- 6 |  7- 9 | 10-12 || total
---------------------------+-------+-------+-------+-------++-------
  Melee: Rapier            |       |       |     1 |     1 ||     2
         Mace              |       |       |       |     3 ||     3
   Cast: Foxfire           |    89 |    64 |   203 |   250 ||   606
         Scorch            |     3 |     5 |    50 |    55 ||   113
         Flame Wave        |       |       |     4 |    33 ||    37
         Mephitic Cloud    |       |       |     4 |     9 ||    13
         Volatile Blastmot |       |       |     2 |    24 ||    26
         Stone Arrow       |       |       |       |    16 ||    16
         Lee's Rapid Decon |       |       |       |     8 ||     8
         Leda's Unmaking   |       |       |       |    39 ||    39
         Brom's Barrelling |       |       |       |    18 ||    18
  Evoke: Wand              |       |       |       |     4 ||     4
    Use: Scroll            |       |       |     2 |    23 ||    25
         Potion            |       |       |       |     2 ||     2
   Stab: Confused          |       |       |     1 |       ||     1
         Paralysed         |       |       |       |     3 ||     3
 Armour: Robe              |     7 |     3 |    37 |    41 ||    88
         Acid dragon scale |       |       |       |     5 ||     5
  Dodge: Dodged            |     3 |     4 |    30 |    54 ||    91

Table legend: (Time is in decaauts)
 A = Elapsed time spent in this place.
 B = Non-inter-level travel time spent in this place.
 C = Inter-level travel time spent in this place.
 D = Time resting spent in this place.
 E = Time spent auto-exploring this place.
 F = Levels seen in this place.
 G = Mean time per level.
                   A        B        C        D        E       F      G
               +--------+--------+--------+--------+--------+-----+--------+
         Total |  14801 |  14007 |    794 |     91 |  11677 |  16 |  925.1 |
       Dungeon |  13771 |  13006 |    765 |     91 |  10962 |  13 | 1059.3 |
        Temple |     30 |      1 |     29 |      0 |      0 |   1 |   30.0 |
         Sewer |    185 |    185 |      0 |      0 |    146 |   1 |  185.0 |
       Ossuary |    813 |    813 |      0 |      0 |    569 |   1 |  813.0 |
               +--------+--------+--------+--------+--------+-----+--------+

Top non-repeatable levels by time:
     D:6: 2519 daAuts
     D:7: 1520 daAuts
    D:11: 1418 daAuts
     D:3: 1120 daAuts
     D:8: 1064 daAuts
     D:9: 997 daAuts
    D:10: 900 daAuts
     D:1: 858 daAuts
 Ossuary: 813 daAuts
    D:12: 803 daAuts
     D:4: 739 daAuts
     D:2: 720 daAuts
     D:5: 702 daAuts
    D:13: 404 daAuts
   Sewer: 185 daAuts
